[Event "RUS-ch Men Rapid 2019"]
[Site "Sochi"]
[Date "2019.10.16"]
[Round "7.5"]
[White "Popov, Valerij"]
[Black "Apryshko, Gleb"]
[Result "0-1"]
[ECO "A20"]
[WhiteElo "2535"]
[BlackElo "2382"]
[Annotator "RC"]
[PlyCount "71"]
[EventDate "2019.10.15"]
[EventType "swiss"]
[EventCountry "RUS"]
[SourceTitle "playchess.com"]
[Source "ChessBase"]
[SourceQuality "1"]
[TimeControl "900+10"]

1. c4 e5 2. g3 Nc6 3. Nc3 Bc5 4. Bg2 a6 5. e3 Nge7 6. Nge2 d6 7. a3 Ba7 8. b4 h5 9. Bb2 h4 10. d4 hxg3 11. hxg3 Rxh1+ 12. Bxh1 Qd7 13. c5 Qh3 14. Bf3 exd4 15. exd4 dxc5 16. Nf4 Qh2 17. Ncd5 Nxd5 18. Nxd5 Nxd4 19. Nxc7+ Kf8 20. Bxd4 cxd4 21. Qe2 Bh3 22. O-O-O Rc8 23. Rh1 d3 24. Qxd3 Qxf2 25. Rxh3 Rxc7+ 26. Kb1 Qe1+ 27. Bd1 Ke7 28. Rh4 Qc3 29. Re4+ Kf6 30. Qd6+ Kg5 31. Qf4+ Kg6 32. Qg4+ Kh6 33. Qh3+ Kg6 34. Qh5+ Kf6 35. Rf4+ Ke6 36. Qe2+ 0-1

[Event "RUS-ch Men Rapid 2019"]
[Site "Sochi"]
[Date "2019.10.16"]
[Round "7.10"]
[White "Pogromsky, Mikhail"]
[Black "Moiseenko, Vadim"]
[Result "1/2-1/2"]
[ECO "A05"]
[WhiteElo "2411"]
[BlackElo "2532"]
[Annotator "ChessBase"]
[PlyCount "68"]
[EventDate "2019.10.15"]
[EventType "swiss"]
[EventCountry "RUS"]
[SourceTitle "playchess.com"]
[Source "ChessBase"]
[SourceQuality "1"]
[TimeControl "900+10"]

1. Nf3 Nf6 2. c4 b6 3. g3 Bb7 4. Bg2 g6 5. b3 Bg7 6. Bb2 O-O 7. O-O e6 8. d4 d6 9. Nc3 Ne4 10. Rc1 Nd7 11. Nxe4 Bxe4 12. Qd2 a5 13. Ne1 Bxg2 14. Kxg2 Qe7 15. Nd3 c6 16. e4 a4 17. Rfe1 e5 18. dxe5 dxe5 19. c5 bxc5 20. Qc3 Rfb8 21. Nxc5 axb3 22. axb3 Nxc5 23. Qxc5 Qxc5 24. Rxc5 Rxb3 25. Bxe5 Bxe5 26. Rxe5 Rc3 27. Re2 Kf8 28. Rd2 Ra7 29. g4 Kg7 30. h4 h6 31. g5 hxg5 32. hxg5 Rca3 33. Rd6 R3a5 34. Rxa5 Rxa5 1/2-1/2

[Event "RUS-ch Men Rapid 2019"]
[Site "Sochi"]
[Date "2019.10.16"]
[Round "7.11"]
[White "Potapov, Pavel"]
[Black "Sakaev, Konstantin"]
[Result "1/2-1/2"]
[ECO "B22"]
[WhiteElo "2489"]
[BlackElo "2595"]
[Annotator "ChessBase"]
[PlyCount "44"]
[EventDate "2019.10.15"]
[EventType "swiss"]
[EventCountry "RUS"]
[SourceTitle "playchess.com"]
[Source "ChessBase"]
[SourceQuality "1"]
[TimeControl "900+10"]

1. e4 c5 2. c3 d5 3. exd5 Qxd5 4. d4 Nf6 5. Nf3 e6 6. Be3 cxd4 7. cxd4 Bb4+ 8. Nc3 O-O 9. Bd3 b6 10. O-O Bxc3 11. bxc3 Bb7 12. c4 Qd6 13. Qe2 Nc6 14. Rfd1 h6 15. Rac1 Rfd8 16. Bb1 Rac8 17. h3 Ba6 18. Qe1 Qb4 19. Qxb4 Nxb4 20. Ne5 Nc6 21. Nxc6 Rxc6 22. c5 Nd5 1/2-1/2

[Event "RUS-ch Men Rapid 2019"]
[Site "Sochi"]
[Date "2019.10.16"]
[Round "7.17"]
[White "Triapishko, Alexandr"]
[Black "Linker, Mikhail"]
[Result "1-0"]
[ECO "A05"]
[WhiteElo "2514"]
[BlackElo "2269"]
[Annotator "ChessBase"]
[PlyCount "45"]
[EventDate "2019.10.15"]
[EventType "swiss"]
[EventCountry "RUS"]
[SourceTitle "playchess.com"]
[Source "ChessBase"]
[SourceQuality "1"]
[TimeControl "900+10"]

1. Nf3 Nf6 2. g3 g6 3. b3 Bg7 4. Bb2 d5 5. c4 O-O 6. cxd5 Qxd5 7. Bg2 c5 8. Nc3 Qh5 9. h3 Nc6 10. g4 Nxg4 11. hxg4 Qxg4 12. Kf1 Rd8 13. Rh4 Qd7 14. d3 b6 15. Qd2 Bb7 16. Ne4 e5 17. Qg5 Qe6 18. Rh3 f5 19. Qh4 h6 20. Neg5 Qe7 21. Qc4+ Kh8 22. Nf7+ Kh7 23. N3g5+ {[%emt 0:00:05] Nb8} 1-0

[Event "RUS-ch Men Rapid 2019"]
[Site "Sochi"]
[Date "2019.10.16"]
[Round "7.25"]
[White "Volovich, Vasily"]
[Black "Khegay, Dmitriy"]
[Result "0-1"]
[ECO "B07"]
[WhiteElo "2120"]
[BlackElo "2509"]
[Annotator "RC"]
[PlyCount "94"]
[EventDate "2019.10.15"]
[EventType "swiss"]
[EventCountry "RUS"]
[SourceTitle "playchess.com"]
[Source "ChessBase"]
[SourceQuality "1"]
[TimeControl "900+10"]

1. e4 d6 2. d4 Nf6 3. Nc3 c6 4. a4 Nbd7 5. Nf3 e5 6. Be2 Be7 7. O-O O-O 8. Re1 b6 9. d5 Bb7 10. dxc6 Bxc6 11. Bb5 Bb7 12. Bc4 Rc8 13. Bd5 Nxd5 14. Nxd5 Bxd5 15. exd5 f5 16. a5 b5 17. a6 Qc7 18. c3 Nb6 19. Qb3 Qc4 20. Qxc4 Nxc4 21. Nd4 exd4 22. Rxe7 Rf7 23. Rxf7 Kxf7 24. cxd4 Nb6 25. Bf4 Rd8 26. Rc1 Nxd5 27. Bd2 Ke6 28. Kf1 Kd7 29. Ke2 Rc8 30. Ra1 Rc2 31. Rb1 Rc6 32. Ra1 Nc7 33. Kf3 Rxa6 34. Rxa6 Nxa6 35. Kf4 Ke6 36. d5+ Kxd5 37. Kxf5 Nc5 38. Bc3 g6+ 39. Kf4 b4 40. Bh8 a5 41. Kg5 Ne6+ 42. Kh6 Nd4 43. Bf6 a4 44. Bg5 b3 45. Bc1 Ne2 46. Kxh7 Nxc1 47. Kxg6 a3 0-1

[Event "RUS-ch Men Rapid 2019"]
[Site "Sochi"]
[Date "2019.10.16"]
[Round "7.32"]
[White "Chos, Alexey"]
[Black "Nozdrachev, Vladislav"]
[Result "0-1"]
[ECO "C78"]
[WhiteElo "2296"]
[BlackElo "2494"]
[Annotator "RC"]
[PlyCount "118"]
[EventDate "2019.10.15"]
[EventType "swiss"]
[EventCountry "RUS"]
[SourceTitle "playchess.com"]
[Source "ChessBase"]
[SourceQuality "1"]
[TimeControl "900+10"]

1. e4 e5 2. Nf3 Nc6 3. Bb5 a6 4. Ba4 Nf6 5. O-O Bc5 6. Re1 b5 7. Bb3 d6 8. c3 O-O 9. d4 Bb6 10. h3 Bb7 11. dxe5 Nxe5 12. Nxe5 dxe5 13. Nd2 Qe7 14. Qf3 Nd7 15. Nf1 Nc5 16. Ng3 Nxb3 17. Nf5 Qe6 18. axb3 g6 19. Qg3 Kh8 20. Bh6 Rg8 21. Ne3 g5 22. Ng4 Rg6 23. Rad1 Rxh6 24. Nxh6 Qxh6 25. Qxe5+ Qg7 26. Qf5 Rf8 27. c4 Bc8 28. Qd5 Be6 29. Qc6 Qe5 30. cxb5 axb5 31. Rd3 Qxb2 32. Rf3 Qe5 33. Rd1 g4 34. hxg4 Bxg4 35. Qh6 Qg7 36. Qxg7+ Kxg7 37. Rg3 h5 38. Rd5 Kh6 39. Rxb5 Re8 40. Rc3 Ra8 41. Rc2 Be6 42. Kh2 Ra3 43. b4 h4 44. g3 Bxf2 45. gxh4 Bxh4 46. Rcc5 Ra2+ 47. Kh1 Bg4 48. Rc6+ Kg7 49. Rc3 Re2 50. Rbc5 Rxe4 51. Rxc7 Rxb4 52. R7c4 Rxc4 53. Rxc4 f5 54. Kg2 Kf6 55. Rc5 f4 56. Rc3 Ke5 57. Ra3 Be6 58. Ra5+ Bd5+ 59. Kh3 Be1 0-1

[Event "RUS-ch Men Rapid 2019"]
[Site "Sochi"]
[Date "2019.10.16"]
[Round "8.2"]
[White "Timofeev, Artyom"]
[Black "Rozum, Ivan"]
[Result "1/2-1/2"]
[ECO "A20"]
[WhiteElo "2595"]
[BlackElo "2599"]
[Annotator "ChessBase"]
[PlyCount "92"]
[EventDate "2019.10.15"]
[EventType "swiss"]
[EventCountry "RUS"]
[SourceTitle "playchess.com"]
[Source "ChessBase"]
[SourceQuality "1"]
[TimeControl "900+10"]

1. c4 e5 2. e3 d6 3. Nc3 g6 4. g3 Bg7 5. Bg2 Nf6 6. Nge2 O-O 7. h3 c6 8. d4 exd4 9. Nxd4 Nbd7 10. O-O Nb6 11. Qe2 d5 12. cxd5 Nbxd5 13. Nxd5 Nxd5 14. Rd1 Qb6 15. Bxd5 cxd5 16. Kh2 Re8 17. Qf3 Re4 18. Ne2 Be6 19. Nf4 Rd8 20. a4 Rb4 21. a5 Qb5 22. e4 Rb3 23. Be3 d4 24. Nxe6 fxe6 25. Qg4 Qd7 26. Rd2 Qf7 27. e5 Bxe5 28. a6 bxa6 29. Bh6 Rf3 30. Kg2 Rf5 31. Qe4 Rh5 32. g4 Rxh6 33. Qxe5 Qb7+ 34. Kg3 Qb3+ 35. f3 Rf8 36. Rf1 g5 37. Qxd4 Rhf6 38. Qe4 R8f7 39. Kg2 Kg7 40. Qe5 Qb5 41. Re2 Qxe5 42. Rxe5 h6 43. Ra5 Rb7 44. Rxa6 Rxb2+ 45. Rf2 Rxf2+ 46. Kxf2 Rf8 1/2-1/2

[Event "RUS-ch Men Rapid 2019"]
[Site "Sochi"]
[Date "2019.10.16"]
[Round "8.3"]
[White "Apryshko, Gleb"]
[Black "Kokarev, Dmitry"]
[Result "0-1"]
[ECO "A00"]
[WhiteElo "2382"]
[BlackElo "2593"]
[Annotator "ChessBase"]
[PlyCount "84"]
[EventDate "2019.10.15"]
[EventType "swiss"]
[EventCountry "RUS"]
[SourceTitle "playchess.com"]
[Source "ChessBase"]
[SourceQuality "1"]
[TimeControl "900+10"]

1. g3 g6 2. Bg2 Bg7 3. Nf3 c5 4. O-O Nc6 5. c3 e5 6. e4 Nge7 7. a3 d6 8. b4 O-O 9. d3 h6 10. Be3 b6 11. d4 exd4 12. cxd4 Bg4 13. h3 Bxf3 14. Bxf3 Nxd4 15. Ra2 Nxf3+ 16. Qxf3 Nc6 17. Rd2 cxb4 18. axb4 Nxb4 19. Rfd1 Qc8 20. Bf4 Nc6 21. Bxd6 Ne5 22. Qg2 Re8 23. Na3 Qc3 24. Kh1 Qf3 25. Rd5 a6 26. Qxf3 Nxf3 27. Nc4 b5 28. Nb6 Ra7 29. Kg2 Ne5 30. f4 Nd7 31. Nxd7 Rxd7 32. e5 Rc8 33. R5d2 Bf8 34. g4 Rcd8 35. Kf3 f5 36. gxf5 gxf5 37. Rg1+ Kf7 38. Rdg2 Bxd6 39. Rg7+ Ke6 40. R7g6+ Kd5 41. Rd1+ Kc5 42. Rc1+ Kb4 0-1

[Event "RUS-ch Men Rapid 2019"]
[Site "Sochi"]
[Date "2019.10.16"]
[Round "8.4"]
[White "Bocharov, Dmitry"]
[Black "Khismatullin, Denis"]
[Result "1/2-1/2"]
[ECO "A20"]
[WhiteElo "2519"]
[BlackElo "2611"]
[Annotator "RC"]
[PlyCount "60"]
[EventDate "2019.10.15"]
[EventType "swiss"]
[EventCountry "RUS"]
[SourceTitle "playchess.com"]
[Source "ChessBase"]
[SourceQuality "1"]
[TimeControl "900+10"]

1. c4 e5 2. g3 Nf6 3. Bg2 Nc6 4. Nc3 Bb4 5. e4 Bxc3 6. bxc3 O-O 7. Ne2 d6 8. d3 a6 9. a4 Ne8 10. O-O f5 11. exf5 Bxf5 12. h3 h5 13. Kh2 Nf6 14. Ng1 Qd7 15. Bg5 Rae8 16. Rb1 Nd8 17. Bxf6 Rxf6 18. Nf3 Ne6 19. Rb2 Nc5 20. d4 Nd3 21. Rxb7 Be4 22. Nxe5 dxe5 23. Bxe4 Nxf2 24. Bd5+ Qxd5 25. cxd5 Nxd1 26. Rxd1 exd4 27. Rxc7 Re2+ 28. Kg1 d3 29. Rxd3 Re1+ 30. Kg2 Re2+ 1/2-1/2

[Event "RUS-ch Men Rapid 2019"]
[Site "Sochi"]
[Date "2019.10.16"]
[Round "8.5"]
[White "Tsydypov, Zhamsaran"]
[Black "Oganian, Miran"]
[Result "0-1"]
[ECO "B94"]
[WhiteElo "2553"]
[BlackElo "2436"]
[Annotator "ChessBase"]
[PlyCount "95"]
[EventDate "2019.10.15"]
[EventType "swiss"]
[EventCountry "RUS"]
[SourceTitle "playchess.com"]
[Source "ChessBase"]
[SourceQuality "1"]
[TimeControl "900+10"]

1. e4 c5 2. Nf3 d6 3. d4 cxd4 4. Nxd4 Nf6 5. Nc3 a6 6. Bg5 Nbd7 7. Bc4 Qb6 8. O-O Qc5 9. Bd5 e6 10. Re1 Be7 11. Re3 Nxd5 12. Nxd5 Bxg5 13. Nxe6 fxe6 14. Rc3 Qa5 15. Nc7+ Ke7 16. Nxa8 Nc5 17. e5 dxe5 18. a3 Bd7 19. b4 Qd8 20. bxc5 Qxa8 21. Qd6+ Ke8 22. c6 Bxc6 23. Qxe6+ Be7 24. Re1 Rf8 25. Rxe5 Rf7 26. Rce3 Qd8 27. h3 Kf8 28. Rd3 Qc7 29. Rde3 Qd7 30. Qc4 Qd1+ 31. Re1 Qd2 32. R1e2 Qd1+ 33. Re1 Qd6 34. Qg4 Kg8 35. Qc4 Bf8 36. Rf5 Qg6 37. g4 Bd7 38. Rf4 Be6 39. Rxe6 Rxf4 40. Qe2 Qf7 41. Re3 g6 42. Rc3 b5 43. Qe3 Rc4 44. Rd3 Rc8 45. Qd2 Bc5 46. Rd7 Qe6 47. Rd3 Rf8 48. Rd8 0-1

[Event "RUS-ch Men Rapid 2019"]
[Site "Sochi"]
[Date "2019.10.16"]
[Round "8.8"]
[White "Popov, Valerij"]
[Black "Musalov, Ruslan"]
[Result "0-1"]
[ECO "B39"]
[WhiteElo "2535"]
[BlackElo "2348"]
[Annotator "ChessBase"]
[PlyCount "84"]
[EventDate "2019.10.15"]
[EventType "swiss"]
[EventCountry "RUS"]
[SourceTitle "playchess.com"]
[Source "ChessBase"]
[SourceQuality "1"]
[TimeControl "900+10"]

1. c4 c5 2. Nf3 Nf6 3. d4 cxd4 4. Nxd4 Nc6 5. Nc3 g6 6. e4 Bg7 7. Be3 Ng4 8. Qxg4 Nxd4 9. Qd1 Ne6 10. Qd2 Qa5 11. Rc1 d6 12. Be2 Bd7 13. b3 Bc6 14. Nd5 Qxd2+ 15. Kxd2 Kd7 16. Bg4 Rhf8 17. f4 f5 18. exf5 gxf5 19. Bf3 Nd4 20. Bh5 e6 21. Nc3 Rac8 22. Rhf1 a6 23. Kd3 e5 24. Nd5 e4+ 25. Kd2 Bxd5 26. cxd5 Rc5 27. Be2 Rfc8 28. Rc4 Rxd5 29. Rxc8 Kxc8 30. Bc4 Rc5 31. Rd1 d5 32. Bf1 Rc2+ 33. Ke1 Nc6 34. Rxd5 Rxa2 35. Rxf5 Bc3+ 36. Kd1 Bd4 37. Bxd4 Nxd4 38. Rc5+ Kb8 39. b4 e3 40. f5 Rf2 41. Ke1 Nc2+ 42. Kd1 Rxf1+ 0-1

[Event "RUS-ch Men Rapid 2019"]
[Site "Sochi"]
[Date "2019.10.16"]
[Round "8.10"]
[White "Moiseenko, Vadim"]
[Black "Nazaretyan, Tigran"]
[Result "1-0"]
[ECO "B24"]
[WhiteElo "2532"]
[BlackElo "2297"]
[Annotator "ChessBase"]
[PlyCount "129"]
[EventDate "2019.10.15"]
[EventType "swiss"]
[EventCountry "RUS"]
[SourceTitle "playchess.com"]
[Source "ChessBase"]
[SourceQuality "1"]
[TimeControl "900+10"]

1. Nc3 c5 2. e4 Nc6 3. Bb5 Nd4 4. Nf3 a6 5. Bd3 Nc6 6. O-O d6 7. a3 g6 8. Nd5 Bg7 9. c3 e6 10. Ne3 Nge7 11. Bc2 d5 12. d3 d4 13. cxd4 cxd4 14. Nc4 b5 15. Ncd2 e5 16. Nb3 Qd6 17. a4 Rb8 18. axb5 axb5 19. Bd2 O-O 20. Rc1 f5 21. Ne1 fxe4 22. dxe4 Be6 23. Nd3 Kh8 24. Nbc5 Bc4 25. Bb3 Bxb3 26. Qxb3 h6 27. Qe6 Rf6 28. Qh3 Rf7 29. Bxh6 Bxh6 30. Qxh6+ Rh7 31. Qg5 Rh5 32. Qg4 Rf8 33. Qe6 Qxe6 34. Nxe6 Rf6 35. Nc7 b4 36. f3 Rd6 37. Rc5 Rd7 38. Ne8 Rd8 39. Nf6 Rh6 40. Rd1 Kg7 41. Ng4 Rh5 42. Kf2 Kf7 43. Rdc1 Ke6 44. Rxc6+ Nxc6 45. Rxc6+ Rd6 46. Rxd6+ Kxd6 47. Nxb4 Rh8 48. Nd3 g5 49. h3 Rc8 50. Ngxe5 Rc2+ 51. Kg3 Ke6 52. Ng4 Kd6 53. Ngf2 Kc7 54. Kg4 Kb6 55. Kxg5 Kb5 56. h4 Rc8 57. g4 Rg8+ 58. Kf4 Rf8+ 59. Kg3 Kc4 60. g5 Rb8 61. h5 Rb3 62. g6 Rb5 63. Kg4 Rb7 64. h6 Rb6 65. g7 1-0

[Event "RUS-ch Men Rapid 2019"]
[Site "Sochi"]
[Date "2019.10.16"]
[Round "8.13"]
[White "Glek, Igor"]
[Black "Savchenko, Boris"]
[Result "1-0"]
[ECO "B40"]
[WhiteElo "2467"]
[BlackElo "2581"]
[Annotator "ChessBase"]
[PlyCount "111"]
[EventDate "2019.10.15"]
[EventType "swiss"]
[EventCountry "RUS"]
[SourceTitle "playchess.com"]
[Source "ChessBase"]
[SourceQuality "1"]
[TimeControl "900+10"]

1. e4 c5 2. Nf3 e6 3. Nc3 a6 4. g3 b5 5. Bg2 Bb7 6. d3 d6 7. O-O Nf6 8. Ng5 h6 9. Nh3 d5 10. e5 Nfd7 11. f4 g6 12. Ne2 Nc6 13. c3 c4 14. d4 a5 15. g4 h5 16. f5 hxg4 17. fxe6 Ndxe5 18. dxe5 Bc5+ 19. Nf2 Nxe5 20. exf7+ Kxf7 21. Nd4 Kg8 22. Bf4 Qf6 23. Bxe5 Qxe5 24. Nxg4 Qg5 25. Qe2 Kg7 26. Qe6 Qe7 27. Qxe7+ Bxe7 28. Ne6+ Kg8 29. Nf6+ Kf7 30. Nxd5+ Kxe6 31. Nf4+ Kd7 32. Bxb7 Raf8 33. Rad1+ Bd6 34. Nxg6 Rxf1+ 35. Kxf1 Rxh2 36. Bg2 Kc7 37. Rd5 Rh6 38. Ne5 Rf6+ 39. Nf3 Kb6 40. Ke2 Re6+ 41. Kd1 Rh6 42. Bf1 a4 43. a3 Bc5 44. Ne5 Be7 45. Bg2 Rh2 46. Rd2 Bg5 47. Re2 Bf4 48. Nd7+ Ka5 49. Nc5 Kb6 50. Re6+ Kc7 51. Rc6+ Kb8 52. Rb6+ Kc7 53. Rg6 Be3 54. Ne6+ Kb6 55. Nd4+ Ka5 56. Bb7 1-0

[Event "RUS-ch Men Rapid 2019"]
[Site "Sochi"]
[Date "2019.10.16"]
[Round "8.14"]
[White "Yuffa, Daniil"]
[Black "Tekeyev, Zaur"]
[Result "0-1"]
[ECO "E92"]
[WhiteElo "2577"]
[BlackElo "2384"]
[Annotator "RC"]
[PlyCount "70"]
[EventDate "2019.10.15"]
[EventType "swiss"]
[EventCountry "RUS"]
[SourceTitle "playchess.com"]
[Source "ChessBase"]
[SourceQuality "1"]
[TimeControl "900+10"]

1. d4 Nf6 2. c4 g6 3. Nc3 Bg7 4. e4 d6 5. Nf3 O-O 6. Be2 e5 7. d5 a5 8. Bg5 h6 9. Be3 Ng4 10. Bd2 f5 11. exf5 gxf5 12. h3 Nf6 13. Qc1 f4 14. g3 e4 15. Nh4 e3 16. fxe3 fxg3 17. Ng6 Re8 18. Nf4 Ne4 19. Nxe4 Rxe4 20. Rg1 Qh4 21. Bc3 Rxf4 22. Bxg7 g2+ 23. Kd2 Rf2 24. Qc3 Bxh3 25. Bh8 Qg5 26. Rae1 Nd7 27. Bd4 Bg4 28. Kd1 Bxe2+ 29. Rxe2 Rf1+ 30. Re1 Raf8 31. Qd3 Qg4+ 32. Qe2 Qxe2+ 33. Kxe2 R8f2+ 34. Kd3 Rxe1 35. Rxe1 Rf1 0-1

[Event "RUS-ch Men Rapid 2019"]
[Site "Sochi"]
[Date "2019.10.16"]
[Round "8.15"]
[White "Bryakin, Mikhail"]
[Black "Gutenev, Alexander"]
[Result "1/2-1/2"]
[ECO "A50"]
[WhiteElo "2440"]
[BlackElo "2469"]
[Annotator "RC"]
[PlyCount "58"]
[EventDate "2019.10.15"]
[EventType "swiss"]
[EventCountry "RUS"]
[SourceTitle "playchess.com"]
[Source "ChessBase"]
[SourceQuality "1"]
[TimeControl "900+10"]

1. d4 Nf6 2. c4 b6 3. Nc3 Bb7 4. d5 e6 5. e4 Bb4 6. Bd3 exd5 7. exd5 Bxc3+ 8. bxc3 O-O 9. Ne2 h6 10. Rg1 Re8 11. Kf1 Ne4 12. Be3 Na6 13. Ng3 Nxg3+ 14. hxg3 Nc5 15. Bxc5 bxc5 16. Rb1 Rb8 17. Rh1 Qf6 18. Qf3 Ba6 19. Rxb8 Rxb8 20. Qxf6 gxf6 21. Rxh6 Rb2 22. Rxf6 d6 23. g4 Rxa2 24. Ke1 Kg7 25. g5 Ra3 26. Kd2 Ra2+ 27. Ke1 Ra1+ 28. Kd2 Ra2+ 29. Ke1 Ra1+ 1/2-1/2

[Event "RUS-ch Men Rapid 2019"]
[Site "Sochi"]
[Date "2019.10.16"]
[Round "8.16"]
[White "Drygalov, Andrey"]
[Black "Savitskiy, Sergey"]
[Result "1-0"]
[ECO "B51"]
[WhiteElo "2484"]
[BlackElo "2407"]
[Annotator "ChessBase"]
[PlyCount "93"]
[EventDate "2019.10.15"]
[EventType "swiss"]
[EventCountry "RUS"]
[SourceTitle "playchess.com"]
[Source "ChessBase"]
[SourceQuality "1"]
[TimeControl "900+10"]

1. e4 c5 2. Nf3 d6 3. Bb5+ Nc6 4. O-O Bd7 5. Re1 a6 6. Bf1 Bg4 7. h3 Bxf3 8. Qxf3 g6 9. c3 Bg7 10. Qd1 e6 11. d3 Nge7 12. Nd2 d5 13. Nf3 O-O 14. e5 d4 15. c4 h6 16. h4 Nf5 17. g3 h5 18. Bh3 Re8 19. Bg5 Qc7 20. Bf4 Qd8 21. Qe2 b5 22. b3 Rb8 23. Bg2 Qc7 24. Rac1 bxc4 25. Rxc4 Nb4 26. Rec1 Qa5 27. Rxc5 Qxa2 28. Nd2 Nd5 29. Bxd5 exd5 30. Qd1 Rb5 31. Rc6 Qa3 32. Ra1 Qe7 33. Nf3 Qb7 34. Rcxa6 Rxb3 35. R6a5 Rc3 36. Kg2 Qb3 37. Qxb3 Rxb3 38. Rxd5 Rxd3 39. Ra7 Rd1 40. Rdd7 Rf8 41. Ng5 Bh6 42. Nxf7 Nxh4+ 43. gxh4 Bxf4 44. e6 Re1 45. Ng5 Be5 46. e7 Re8 47. Rd8 1-0

[Event "RUS-ch Men Rapid 2019"]
[Site "Sochi"]
[Date "2019.10.16"]
[Round "8.18"]
[White "Lugovskoy, Maxim"]
[Black "Ivlev, Aleksey"]
[Result "1-0"]
[ECO "B12"]
[WhiteElo "2436"]
[BlackElo "2292"]
[Annotator "NA"]
[PlyCount "91"]
[EventDate "2019.10.15"]
[EventType "swiss"]
[EventCountry "RUS"]
[SourceTitle "playchess.com"]
[Source "ChessBase"]
[SourceQuality "1"]
[TimeControl "900+10"]

1. e4 c6 2. d4 d5 3. f3 e6 4. Nc3 Bb4 5. Bd2 dxe4 6. Nxe4 Bxd2+ 7. Qxd2 Nf6 8. O-O-O O-O 9. Nh3 Nbd7 10. Nhf2 Qe7 11. Bd3 c5 12. Nxf6+ Nxf6 13. dxc5 Qxc5 14. Ne4 Nxe4 15. Bxe4 e5 16. Rhe1 Be6 17. Qd6 Qa5 18. a3 Rad8 19. Qe7 Rfe8 20. Qh4 h6 21. g4 Qc7 22. Qf2 b5 23. Qe3 a5 24. Bd3 Bc4 25. Bxc4 Rxd1+ 26. Rxd1 Qxc4 27. Kb1 b4 28. Qe4 Qc5 29. a4 Qf2 30. h3 Qg3 31. Rd5 Qxh3 32. Rxa5 Qf1+ 33. Ka2 g6 34. Qd5 Qe2 35. Ra7 Rf8 36. Rc7 Qa6 37. a5 Qf6 38. Rc6 Qe7 39. Rxg6+ Kh7 40. Rd6 Kg7 41. a6 Rc8 42. Kb1 b3 43. cxb3 Rc7 44. Ka2 Rc1 45. b4 Qg5 46. a7 1-0

[Event "RUS-ch Men Rapid 2019"]
[Site "Sochi"]
[Date "2019.10.16"]
[Round "8.19"]
[White "Sadovsky, Artem"]
[Black "Khegay, Dmitriy"]
[Result "0-1"]
[ECO "A06"]
[WhiteElo "2411"]
[BlackElo "2509"]
[Annotator "ChessBase"]
[PlyCount "119"]
[EventDate "2019.10.15"]
[EventType "swiss"]
[EventCountry "RUS"]
[SourceTitle "playchess.com"]
[Source "ChessBase"]
[SourceQuality "1"]
[TimeControl "900+10"]

1. Nf3 d5 2. g3 Nc6 3. d4 Bg4 4. Bg2 e6 5. c3 Bd6 6. a4 Nf6 7. Na3 a6 8. Nc2 O-O 9. O-O Ne4 10. Nd2 Nf6 11. Qe1 e5 12. e4 exd4 13. cxd4 dxe4 14. Nxe4 Nxe4 15. Qxe4 Bh5 16. Qd5 Bg6 17. Bg5 Qd7 18. Ne3 h6 19. Bf4 Rad8 20. Bxd6 Qxd6 21. Qxd6 Rxd6 22. Rfc1 Rxd4 23. Bxc6 bxc6 24. Rxc6 Rb8 25. Rxa6 Rxb2 26. Rc6 Rdd2 27. a5 Rxf2 28. Rc4 Rfe2 29. a6 Ra2 30. Rxa2 Rxa2 31. Nd5 Bd3 32. Rxc7 Rxa6 33. Rc8+ Kh7 34. Rc7 Be4 35. Nf4 Rf6 36. Re7 Bc6 37. Rc7 g6 38. h4 Kg7 39. Re7 Rd6 40. Kf2 Kf6 41. Rc7 Bd7 42. Kf3 Bc6+ 43. Ke3 g5 44. hxg5+ hxg5 45. Ne2 Bd5 46. Nd4 Ra6 47. Nb5 Be6 48. Ra7 Rxa7 49. Nxa7 Bd7 50. Kd4 Kf5 51. Kd5 Kg4 52. Kd6 Be6 53. Nc6 Kxg3 54. Ke5 Kh3 55. Nd4 g4 56. Kf4 g3 57. Ne2 g2 58. Ke3 Bg4 59. Ng1+ Kh2 60. Kd4 0-1

[Event "RUS-ch Men Rapid 2019"]
[Site "Sochi"]
[Date "2019.10.16"]
[Round "8.27"]
[White "Gurvich, Vitaly"]
[Black "Belyakov, Bogdan"]
[Result "1/2-1/2"]
[ECO "E73"]
[WhiteElo "2278"]
[BlackElo "2495"]
[Annotator "ChessBase"]
[PlyCount "113"]
[EventDate "2019.10.15"]
[EventType "swiss"]
[EventCountry "RUS"]
[SourceTitle "playchess.com"]
[Source "ChessBase"]
[SourceQuality "1"]
[TimeControl "900+10"]

1. c4 Nf6 2. Nc3 g6 3. e4 d6 4. d4 Bg7 5. Be2 O-O 6. Bg5 h6 7. Be3 c5 8. d5 e6 9. Qd2 exd5 10. exd5 Qb6 11. Nf3 Ng4 12. Bf4 g5 13. h3 Nxf2 14. Kxf2 gxf4 15. Rab1 Bf5 16. Bd3 Bxd3 17. Qxd3 Nd7 18. Qf5 Ne5 19. Nxe5 Bxe5 20. Ne4 Qd8 21. h4 Qe7 22. Rbe1 Rae8 23. b3 b6 24. g4 fxg3+ 25. Kg2 f6 26. Rhf1 Qh7 27. h5 Qxf5 28. Rxf5 Kg7 29. Kf3 Rg8 30. Re2 Kh8 31. Rg2 Ref8 32. Ke2 Rf7 33. Kf3 Rfg7 34. Ke3 Rg4 35. Nxf6 R4g5 36. Nxg8 Rxf5 37. Nxh6 Rxh5 38. Nf7+ Kg7 39. Nxe5 Rxe5+ 40. Kf4 Kf7 41. Rxg3 Re2 42. a4 Kf6 43. Rh3 Rf2+ 44. Ke4 Rb2 45. Rh6+ Ke7 46. Rh7+ Kd8 47. Kf5 Re2 48. Rxa7 Kc8 49. Kf6 Re3 50. Re7 Rh3 51. Rg7 Re3 52. Rh7 Re2 53. Re7 Rh2 54. Re6 Kd7 55. Re7+ Kc8 56. Rg7 Re2 57. Re7 1/2-1/2

[Event "RUS-ch Men Rapid 2019"]
[Site "Sochi"]
[Date "2019.10.16"]
[Round "8.29"]
[White "Gaydym, Arseniy"]
[Black "Airapetian, Gor"]
[Result "1-0"]
[ECO "B12"]
[WhiteElo "2139"]
[BlackElo "2436"]
[Annotator "NA"]
[PlyCount "43"]
[EventDate "2019.10.15"]
[EventType "swiss"]
[EventCountry "RUS"]
[SourceTitle "playchess.com"]
[Source "ChessBase"]
[SourceQuality "1"]
[TimeControl "900+10"]

1. e4 c6 2. d4 d5 3. e5 Bf5 4. h4 h5 5. Bd3 Bxd3 6. Qxd3 e6 7. Bg5 Qb6 8. Nd2 Ne7 9. Ngf3 Nd7 10. O-O Nf5 11. Rfe1 Qb5 12. c4 dxc4 13. Nxc4 Nb6 14. b3 Bb4 15. Red1 Nd5 16. a3 Bf8 17. Qc2 Be7 18. a4 Qa6 19. Bxe7 Ndxe7 20. Ng5 Rd8 21. Ne4 Kf8 22. Nc5 1-0

[Event "RUS-ch Men Rapid 2019"]
[Site "Sochi"]
[Date "2019.10.16"]
[Round "8.30"]
[White "Korchmar, Vasiliy"]
[Black "Klimentov, Evgeny"]
[Result "1-0"]
[ECO "A40"]
[WhiteElo "2434"]
[BlackElo "2180"]
[Annotator "NA"]
[PlyCount "49"]
[EventDate "2019.10.15"]
[EventType "swiss"]
[EventCountry "RUS"]
[SourceTitle "playchess.com"]
[Source "ChessBase"]
[SourceQuality "1"]
[TimeControl "900+10"]

1. d4 Nf6 2. c4 e6 3. g3 c5 4. d5 exd5 5. cxd5 b5 6. Nf3 d6 7. e4 Nxe4 8. Bxb5+ Bd7 9. Bxd7+ Nxd7 10. Qe2 Ndf6 11. Nh4 Kd7 12. Qb5+ Kc8 13. f3 Qe7 14. O-O Qe5 15. Qc6+ Kb8 16. fxe4 Qd4+ 17. Kg2 Qxe4+ 18. Nf3 Qxd5 19. Qxd5 Nxd5 20. Rd1 Nb4 21. a3 Nc6 22. Bf4 Kc7 23. Nc3 a6 24. Ne4 Be7 25. Nxd6 1-0

[Event "RUS-ch Men Rapid 2019"]
[Site "Sochi"]
[Date "2019.10.16"]
[Round "9.3"]
[White "Rozum, Ivan"]
[Black "Musalov, Ruslan"]
[Result "1/2-1/2"]
[ECO "A35"]
[WhiteElo "2599"]
[BlackElo "2348"]
[Annotator "ChessBase"]
[PlyCount "84"]
[EventDate "2019.10.15"]
[EventType "swiss"]
[EventCountry "RUS"]
[SourceTitle "playchess.com"]
[Source "ChessBase"]
[SourceQuality "1"]
[TimeControl "900+10"]

1. c4 c5 2. Nf3 Nf6 3. Nc3 Nc6 4. e3 e6 5. d4 d5 6. cxd5 exd5 7. Bb5 Be7 8. O-O O-O 9. dxc5 Bxc5 10. b3 a6 11. Bxc6 bxc6 12. Bb2 Bg4 13. Ne2 Bxf3 14. gxf3 Nd7 15. Ng3 Be7 16. Rc1 Rc8 17. Qe2 a5 18. Nf5 Bf6 19. Ba3 c5 20. Rfd1 d4 21. exd4 Re8 22. Qd3 Bxd4 23. Nxd4 Ne5 24. Qf5 cxd4 25. Rxc8 Qxc8 26. Qxc8 Rxc8 27. Kg2 Rd8 28. Bc5 Nc6 29. Rc1 h6 30. Bb6 Rd6 31. Bc7 Rg6+ 32. Kf1 Kf8 33. Ke2 Ke8 34. Rc5 Re6+ 35. Kd2 Kd7 36. Bxa5 Kd6 37. b4 Rf6 38. Ke2 d3+ 39. Ke3 d2 40. Kxd2 Rxf3 41. Ke2 Ra3 42. Kf1 Rxa2 1/2-1/2